 Dungeon Crawl Stone Soup version 0.20.1-1-g8b1a95d (console) character file.

61 hilaritas the Cudgeler (level 4, -1/29 HPs)
             Began as a Gargoyle Berserker on Dec 31, 2017.
             Was a Believer of Trog.
             Slain by Sigmund
             ... wielding a +0 scythe
              (6 damage)
             ... on level 2 of the Dungeon.
             The game lasted 00:02:19 (742 turns).

hilaritas the Cudgeler (Gargoyle Berserker)          Turns: 742, Time: 00:02:20

Health: -1/29      AC:  6    Str: 22    XL:     4   Next: 7%
Magic:  4/4        EV: 12    Int:  7    God:    Trog [**....]
Gold:   35         SH:  0    Dex:  9    Spells: 3/3 levels left

rFire    . . .     SeeInvis .   g - +2 mace (protect)
rCold    . . .     Gourm    .   (no shield)
rNeg     + . .     Faith    .   b - +0 animal skin
rPois    ∞         Spirit   .   (no helmet)
rElec    +         Reflect  .   (no cloak)
rCorr    .         Harm     .   (no gloves)
MR       .....                  e - +0 pair of boots
Stlth    +.........             (no amulet)
Regen    0.1/turn               (no ring)
MPRegen  0.1/turn               (no ring)

@: berserk cooldown, slowed, very slow
A: negative energy resistance 1, electricity resistance, unbreathing,
petrification resistance, rot immunity, AC +3
a: Berserk, Trog's Hand, Burn Spellbooks, Renounce Religion


You were on level 2 of the Dungeon.
You worshipped Trog.
Trog was pleased with you.
You were very hungry.

You visited 1 branch of the dungeon, and saw 2 of its levels.

You collected 35 gold pieces.

Inventory:

Hand Weapons
 g - a +2 mace of protection (weapon)
Armour
 b - a +0 animal skin (worn)
 e - a +0 pair of boots (worn)
Scrolls
 a - 2 scrolls of identify
Potions
 f - 2 potions of agility
Comestibles
 c - a bread ration


   Skills:
 + Level 4.0 Fighting
 * Level 4.3 Maces & Flails
 - Level 2.1 Armour
 - Level 1.5 Dodging


You had 3 spell levels left.
You didn't know any spells.

Dungeon Overview and Level Annotations

Branches:
Dungeon (2/15)

Altars:

Annotations:
D:2 Sigmund


Innate Abilities, Weirdness & Mutations

You are resistant to torment.
Your stone body is resilient. (AC +3)
You are immune to poison.
You resist negative energy. (rN+)
You are resistant to electric shocks. (rElec)
You can survive without breathing.
You are immune to petrification.
You are immune to rotting.


Message History

You miss something. The bat barely misses you.
The bat hits you but does no damage.
You miss something.
Your skin stops crawling.
You feel less resistant to hostile enchantments.
The bat closely misses you. Something hits you!
You closely miss something. The bat closely misses you.
You sock something!
Your weapon exudes an aura of protection.
You are no longer berserk.
You are exhausted.
You feel yourself slow down. The bat hits you but does no damage.
Something hits you but does no damage. The bat barely misses you.
You barely miss something. The bat closely misses you. The bat hits you.
* * * LOW HITPOINT WARNING * * *
Something hits you but does no damage.
The kobold throws a stone.
The stone barely misses you.
The stone closely misses the worm.
You closely miss something. The bat hits you but does no damage.
The bat barely misses you. The bat misses you. Something hits you.
You die...

....... .......
....... .......
....... .......
......{####
......w@bK#
......###.......
..... ....#..
.... .###..# ...
.# ## .. .# . ..
..


You could see a worm, a bat and a kobold.

Vanquished Creatures
  Jessica (D:2)
  A worm (D:2)
  3 dart slugs (D:1)
  A leopard gecko (D:1)
  7 bats
  A hobgoblin (D:1)
  3 jackals (D:2)
  5 kobolds (D:1)
  A frilled lizard (D:1)
  2 goblins (D:1)
  2 rats (D:1)
27 creatures vanquished.

Notes
Turn   | Place    | Note
-------+----------+-------------------------------------------
     0 | D:1      | hilaritas the Gargoyle Berserker began the quest for the Orb.
     0 | D:1      | Reached XP level 1. HP: 14/14 MP: 1/1
   221 | D:1      | Reached XP level 2. HP: 19/19 MP: 2/2
   391 | D:1      | Reached ** piety under Trog
   529 | D:1      | Reached XP level 3. HP: 19/24 MP: 3/3
   703 | D:2      | Noticed Sigmund
   704 | D:2      | Noticed Jessica
   727 | D:2      | Killed Jessica
   727 | D:2      | Reached XP level 4. HP: 11/29 MP: 4/4
   742 | D:2      | Slain by Sigmund

Skill      XL: |  1  2  3 |
---------------+----------+-----
Fighting       | 4 |  4.0
Maces & Flails | 4 |  4.3
Armour         | |  2.1
Dodging        | |  1.5

Action                   |  1- 3 |  4- 6 || total
-------------------------+-------+-------++-------
Melee: Mace              |    72 |    14 ||    86
Invok: Trog's Hand       |     2 |       ||     2
       Berserk           |     1 |       ||     1
  Use: Scroll            |     3 |       ||     3
Armor: Animal skin       |    55 |    15 ||    70
Dodge: Dodged            |    97 |    19 ||   116
